 Dungeon Crawl Stone Soup version 0.21-a0-401-g0b6bec4 (webtiles) character file.

2314 SCCSCCS the Fighter (level 9, -17/85 HPs)
             Began as a Minotaur Fighter on Oct 25, 2017.
             Was a Believer of Makhleb.
             Demolished by a two-headed ogre
             ... wielding a +0 giant spiked club
              (21 damage)
             ... on level 7 of the Dungeon.
             The game lasted 00:22:12 (4845 turns).

SCCSCCS the Fighter (Minotaur Fighter)              Turns: 4845, Time: 00:22:12

Health: -17/85     AC: 11    Str: 22    XL:     9   Next: 18%
Magic:  8/8        EV: 12    Int:  5    God:    Makhleb [**....]
Gold:   482        SH:  0    Dex: 12    Spells: 8/8 levels left

rFire    . . .     SeeInvis .   q - +8 quarterstaff (chaos)
rCold    . . .     Gourm    .   (shield currently unavailable)
rNeg     . . .     Faith    .   b - +1 scale mail
rPois    .         Spirit   .   (helmet restricted)
rElec    .         Reflect  .   s - +2 cloak
rCorr    .         Harm     .   (no gloves)
MR       .....                  (no boots)
Stlth    ..........             (no amulet)
HPRegen  0.24/turn              (no ring)
MPRegen  0.11/turn              (no ring)

@: no status effects
A: retaliatory headbutt, horns 2
a: Minor Destruction, Renounce Religion


You were on level 7 of the Dungeon.
You worshipped Makhleb.
Makhleb was pleased with you.
You were not hungry.

You visited 2 branches of the dungeon, and saw 8 of its levels.

You collected 482 gold pieces.

Inventory:

Hand Weapons
 a - a +1 flail
 q - a +8 quarterstaff of chaos (weapon)
Armour
 b - a +1 scale mail (worn)
 c - a +0 shield
 m - a +2 helmet
 p - a +1 leather armour of poison resistance
 s - a +2 cloak (worn)
 v - a +1 leather armour of fire resistance
Jewellery
 n - an uncursed ring of resist corrosion
 x - a cursed ring of teleportation {unknown}
Wands
 g - a wand of lightning (7/15)
 r - a wand of confusion (24/48)
 w - a wand of flame (25/48)
Scrolls
 t - 2 scrolls of teleportation
 u - a scroll of identify
 y - a scroll of remove curse
Potions
 d - 3 potions of might
 e - a potion of cancellation {unknown}
 h - 3 potions of degeneration
 j - 2 potions of curing
 l - 2 potions of flight
 z - 2 potions of haste {unknown}
Comestibles
 f - 3 bread rations
 i - a royal jelly
 k - 2 meat rations
 o - a fruit


   Skills:
 * Level 10.1 Fighting
 - Level 4.8(7.2) Maces & Flails
 * Level 8.4(9.0) Staves
 - Level 3.6 Armour
 + Level 5.2 Dodging
 - Level 3.6 Shields


You had 8 spell levels left.
You didn't know any spells.

Dungeon Overview and Level Annotations

Branches:
Dungeon (7/15)             Temple (1/1) D:5

Altars:
Ashenzari
Dithmenos
Elyvilon
Fedhas
Gozag
Hepliaklqana
Kikubaaqudgha
Makhleb
Nemelex Xobeh
Okawaru
Qazlal
Ru
Sif Muna
Trog
Uskayaw
Vehumet
Wu Jian
Xom
Yredelemnul
Zin

Shops:
D:4 ?


Innate Abilities, Weirdness & Mutations

You reflexively headbutt those who attack you in melee.
You have a pair of horns on your head.


Message History

You are too injured to fight recklessly!
You are too injured to fight recklessly!
You are too injured to fight recklessly!
You hit the two-headed ogre but do no damage.
Your headbutt misses the two-headed ogre.
The two-headed ogre is moderately wounded.
The two-headed ogre closely misses you. The two-headed ogre misses you.
You hit the two-headed ogre.
Smoke pours from the two-headed ogre's hands!
Your headbutt misses the two-headed ogre.
The two-headed ogre is heavily wounded.
You sock the two-headed ogre!
The two-headed ogre flickers and vanishes!
Deactivating autopickup; reactivate with Ctrl-A.
Something hits you!!
* * * LOW HITPOINT WARNING * * *
Something hits you!
* * * LOW HITPOINT WARNING * * *
Something hits you!!
You die...

#....).....###.#....
#..#)).....#......#.
#..###)#####.#.....)
#...[..((....#......
##.###.#######......
#.###.#######...... .
#..................
....#######.########.....
.....§o{@§....# ##....
....#######.#.# ##### .
#.....# #######


You could see an orc.

Vanquished Creatures
  A gargoyle (D:7)
  2 sky beasts (D:6)
  An eye of draining (D:6)
  An ice beast (D:6)
  3 phantoms
  A centaur (D:7)
  A bullfrog (D:6)
  A scorpion (D:6)
  3 killer bees (D:7)
  A crimson imp (D:6)
  2 centaur zombies
  5 orc priests
  A gnoll shaman (D:6)
  8 hounds
  5 orc wizards
  Crazy Yiuf (D:3)
  A bullfrog skeleton (D:5)
  3 worker ants
  A hound zombie (D:6)
  8 gnolls
  4 adders
  A river rat (D:5)
  2 shadow imps
  An ooze (D:1)
  An adder skeleton (D:4)
  3 worms
  2 dart slugs (D:3)
  6 leopard geckos
  16 orcs
  7 giant cockroaches
  6 hobgoblins
  7 jackals
  4 quokkas
  A ball python (D:4)
  8 bats
  2 frilled lizards
  7 goblins
  5 kobolds
  A leopard gecko skeleton (D:5)
  A leopard gecko zombie (D:7)
  9 rats
144 creatures vanquished.

Notes
Turn   | Place    | Note
-------+----------+-------------------------------------------
     0 | D:1      | SCCSCCS the Minotaur Fighter began the quest for the Orb.
     0 | D:1      | Reached XP level 1. HP: 19/19 MP: 0/0
   160 | D:1      | Reached skill level 4 in Fighting
   160 | D:1      | Reached XP level 2. HP: 22/27 MP: 1/1
   881 | D:2      | Reached XP level 3. HP: 30/34 MP: 2/2
  1309 | D:3      | Reached skill level 5 in Fighting
  1309 | D:3      | Reached XP level 4. HP: 21/42 MP: 3/3
  1755 | D:3      | Found an opulent altar of Gozag.
  1785 | D:3      | Found a runed door.
  1883 | D:3      | Noticed Crazy Yiuf
  1895 | D:3      | Killed Crazy Yiuf
  1895 | D:3      | Reached XP level 5. HP: 14/48 MP: 4/4
  2235 | D:4      | Reached skill level 1 in Staves
  2246 | D:4      | Reached skill level 6 in Fighting
  2246 | D:4      | Reached skill level 1 in Dodging
  2727 | D:4      | Found Izuss's Magic Scroll Boutique.
  2752 | D:4      | Reached XP level 6. HP: 57/57 MP: 5/5
  2988 | D:4      | Found a sparkling altar of Nemelex Xobeh.
  2999 | D:5      | Entered Level 5 of the Dungeon
  3044 | D:5      | Found a staircase to the Ecumenical Temple.
  3072 | Temple   | Entered the Ecumenical Temple
  3307 | Temple   | Became a worshipper of Makhleb the Destroyer
  3630 | D:5      | Reached skill level 7 in Fighting
  3630 | D:5      | Reached XP level 7. HP: 66/66 MP: 6/6
  3731 | D:5      | Found a glowing drain.
  3732 | D:5      | Reached * piety under Makhleb
  3921 | D:6      | Reached skill level 5 in Staves
  4062 | D:6      | Reached skill level 8 in Fighting
  4138 | D:6      | Reached XP level 8. HP: 74/74 MP: 7/7
  4361 | D:6      | Reached skill level 9 in Fighting
  4530 | D:7      | Reached ** piety under Makhleb
  4824 | D:7      | Noticed a gargoyle
  4830 | D:7      | Noticed a two-headed ogre
  4831 | D:7      | Reached XP level 9. HP: 70/85 MP: 8/8
  4838 | D:7      | Killed a gargoyle
  4838 | D:7      | Reached skill level 10 in Fighting
  4838 | D:7      | Reached skill level 5 in Dodging
  4844 | D:7      | HP: 4/85 [something (9)]
  4845 | D:7      | Demolished by a two-headed ogre

Vault maps used:
D:1:      minmay_arrival_stone_box
D:3:      grunt_gozag_statues, uniq_crazy_yiuf_cottage
D:4:      nicolae_overflow_hidden_temple, serial_shops, shop,
          kennysheep_another_room
D:5:      temple_fountains, first_bread, portal_sewer_entry_e
D:7:      grunt_ogre_cave, minmay_misc_feat_diagonals, uniq_pikel
Temple:   dpeg_five_rooms_temple

Skill      XL: |  1  2  3  4  5  6  7  8  9 |
---------------+----------------------------+-----
Fighting       | 4 5 6 7 8 9 10 | 10.1
Maces & Flails | 3 4 |  4.8
Staves         | 2 3 5 7 8 |  8.4
Dodging        | 1 2 3 4 5 |  5.2
Armour         | |  3.6
Shields        | |  3.6

Action                   |  1- 3 |  4- 6 |  7- 9 || total
-------------------------+-------+-------+-------++-------
Melee: Flail             |   128 |    54 |       ||   182
       Headbutt          |     8 |    19 |    22 ||    49
       Quarterstaff      |       |    90 |   122 ||   212
Invok: Minor Destruction |       |       |     1 ||     1
  Use: Scroll            |     3 |    16 |     1 ||    20
 Stab: Petrifying        |       |     1 |     1 ||     2
       Petrified         |       |     1 |       ||     1
       Paralysed         |       |       |     4 ||     4
  Eat: Chunk             |     1 |     7 |     2 ||    10
       Fruit             |       |     1 |     1 ||     2
       Bread ration      |       |       |     1 ||     1
Armor: Scale mail        |    69 |    80 |    70 ||   219
Dodge: Dodged            |    54 |    61 |    86 ||   201
Block: Shield            |    56 |    24 |       ||    80

Table legend:
 A = Spawn XP
 B = Non-spawn XP
 C = Spawn XP percentage of total XP
 D = Spawn monster count
 E = Non-spawn monster count
 F = Spawn count percentage of total count
 G = Total turns spent on level
                    A         B        C        D         E        F      G
               +---------+---------+-------+---------+---------+-------+---------
         Total |       0 |    3306 |   0.0 |       0 |     144 |   0.0 |  4845
               +---------+---------+-------+---------+---------+-------+---------
           D:1 |       0 |      29 |   0.0 |       0 |      17 |   0.0 |   764
           D:2 |       0 |      19 |   0.0 |       0 |      12 |   0.0 |   399
           D:3 |       0 |     161 |   0.0 |       0 |      24 |   0.0 |  1063
           D:4 |       0 |     192 |   0.0 |       0 |      17 |   0.0 |   773
           D:5 |       0 |     509 |   0.0 |       0 |      31 |   0.0 |   631
           D:6 |       0 |    1196 |   0.0 |       0 |      27 |   0.0 |   610
           D:7 |       0 |    1200 |   0.0 |       0 |      16 |   0.0 |   328
               +---------+---------+-------+---------+---------+-------+---------
